 Dungeon Crawl Stone Soup version 0.19.5 (webtiles) character file.

63 Lostpass the Bolt Thrower (level 3, -13/32 HPs)
             Began as a Deep Dwarf Hunter on Mar 2, 2017.
             Killed from afar by a smoke demon (23 damage)
             ... with a ball of steam
             ... on level 1 of the Abyss.
             The game lasted 00:15:12 (1392 turns).

Lostpass the Bolt Thrower (Deep Dwarf Hunter)       Turns: 1392, Time: 00:15:12

Health: -13/32     AC:  5    Str: 15    XL:     3   Next: 89%
Magic:  3/3        EV: 18    Int: 11    God:
Gold:   153        SH:  0    Dex: 19    Spells: 0 memorised, 2 levels left

rFire  . . .     SeeInvis .     a - +1 hand crossbow
rCold  . . .     Gourm    .     c - +0 leather armour
rNeg   . . .     Faith    .     (no shield)
rPois  .         Spirit   .     l - +1 helmet
rElec  .         Reflect  .     (no cloak)
rCorr  .         Harm     .     (no gloves)
MR     .....                    (no boots)
Stlth  +++.......               (no amulet)
                                (no ring)
                                (no ring)

@: agile, non-regenerating, drained
A: damage resistance, recharge devices, sense surroundings 1, slow regeneration
3
a: Device Recharging


You were on level 1 of the Abyss.
You were not hungry.

You visited 1 branch of the dungeon, and saw 2 of its levels.
You visited the Abyss 1 time.

You collected 153 gold pieces.

Inventory:

Hand Weapons
 a - a +1 hand crossbow (weapon)
 b - a +0 short sword
Missiles
 d - 15 bolts (quivered)
Armour
 c - a +0 leather armour (worn)
 l - a +1 helmet (worn)
Wands
 e - a wand of heal wounds (4/9)
Comestibles
 f - 2 bread rations
 h - 3 chunks of flesh
 i - a meat ration
 k - 2 beef jerkies


   Skills:
 * Level 2.2(1.9) Fighting
 + Level 5.2(4.9) Crossbows
 + Level 0.4(0.2) Armour
 * Level 2.9(2.6) Dodging
 * Level 2.1(1.9) Stealth


You had 2 spell levels left.
You didn't know any spells.

Dungeon Overview and Level Annotations

Branches:
Dungeon (2/15)

Altars:

Annotations:
D:2 Sigmund


Innate Abilities, Weirdness & Mutations

You are resistant to damage.
You can recharge devices by infusing magical energy.
You passively map a small area around you.
You do not regenerate.


Message History

Press: ? - help, Shift-Dir - straight line, f - you You shoot a bolt.
Firing (i - inventory):
d - 16 bolts (quivered)
Press: ? - help, Shift-Dir - straight line, f - you You shoot a bolt.
Something hits you. Space bends around you.
You bump into the rock wall.
Something hits you!
You are cast into the Abyss!
To return, you must find a gate leading back.
Killing monsters will force the Abyss to allow you passage.
This branch contains the abyssal rune of Zot.
Found a corrupted altar of Lugonu.
You feel less confused.
There is a corrupted altar of Lugonu here.
The smoke demon roars!
The smoke demon gestures at you. Something smites you!
The smoke demon gestures at you. The ball of steam hits you!
Ouch! That really hurt!
You die...

#.. ... ##.# ..#
#.# #.# #.# ###
#.#
####.#####@###
#.........§..#
####.##..§.#.#
#........§...#
#.#.....3.......
# #.#.#.####...#
.....##.# ##.#
.##.#. ... ..# .
.8 # .... .#


You could see a smoke demon.

Vanquished Creatures
  2 adders (D:2)
  A worm (D:2)
  2 leopard geckos
  2 ball pythons
  2 bats
  4 giant cockroaches
  3 hobgoblins
  4 jackals (D:2)
  3 frilled lizards
  4 goblins
  9 kobolds
  2 rats (D:1)
38 creatures vanquished.

Notes
Turn   | Place    | Note
-------+----------+-------------------------------------------
     0 | D:1      | Lostpass the Deep Dwarf Hunter began the quest for the Orb.
     0 | D:1      | Reached XP level 1. HP: 19/19 MP: 1/1
   322 | D:1      | Reached XP level 2. HP: 26/26 MP: 2/2
   808 | D:2      | Reached skill level 5 in Crossbows
   808 | D:2      | Reached XP level 3. HP: 24/32 MP: 3/3
  1265 | D:2      | Noticed Sigmund
  1371 | D:2      | Cast into level 1 of the Abyss (Sigmund)
  1371 | Abyss:1  | Found a corrupted altar of Lugonu.
  1387 | Abyss:1  | Noticed a smoke demon
  1392 | Abyss:1  | Killed from afar by a smoke demon

Skill      XL: |  1  2  3 |
---------------+----------+-----
Fighting       | 2 |  2.2
Crossbows      | 5 |  5.2
Stealth        | 2 |  2.1
Armour         | |  0.4
Dodging        | |  2.9

Action                   || total
-------------------------++-------
Melee: Short sword       ||    50
 Fire: Hand crossbow     ||    66
Evoke: Wand              ||     1
  Use: Scroll            ||     4
       Potion            ||     1
 Stab: Sleeping          ||     1
  Eat: Chunk             ||     1
Armor: Leather armour    ||    33
Dodge: Dodged            ||    56
